 Dungeon Crawl Stone Soup version 0.28-a0-1412-gf95308ed99 (webtiles) character file.

Game seed: 2957299150897018897

15 Hasart the Caller (level 2, -1/15 HPs)
             Began as a Kobold Summoner on Jan 7, 2022.
             Slain by Terence (5 damage)
             ... on level 2 of the Dungeon.
             The game lasted 00:01:41 (1828 turns).

Hasart the Caller (Kobold Summoner)                 Turns: 1828, Time: 00:01:41

Health: -1/15      AC:  2    Str:  5    XL:     2   Next: 65%
Magic:  1/5        EV: 15    Int: 16    God:
Gold:   65         SH:  0    Dex: 15    Spells: 3/6 levels left

rFire   . . .      SeeInvis .   f - +0 short sword
rCold   . . .      Faith    .   (no shield)
rNeg    . . .      Spirit   .   a - +0 robe
rPois   .          Reflect  .   (no helmet)
rElec   .          Harm     .   (no cloak)
rCorr   .          Rampage  .   (no gloves)
Will    .....                   (no boots)
Stlth   +++.......              (no amulet)
HPRegen 0.05/turn               (no ring)
MPRegen 0.09/turn               (no ring)

@: very slightly contaminated
A: small, no large weapons, nightstalker 3
a: no special abilities


You were on level 2 of the Dungeon.
You visited 1 branch of the dungeon, and saw 2 of its levels.

You collected 65 gold pieces.

Inventory:

Hand Weapons
 d - a +0 dagger
 f - a +0 short sword (weapon)
Armour
 a - a +0 robe (worn)
Scrolls
 b - a scroll of identify {unknown}
 c - 3 scrolls of magic mapping {unknown}
Potions
 e - a potion of haste {unknown}


   Skills:
 - Level 2.4 Dodging
 - Level 2.6 Stealth
 + Level 2.5 Spellcasting
 * Level 4.4 Summonings


You had 3 spell levels left.
You knew the following spells:

 Your Spells              Type           Power      Damage    Failure   Level
a - Call Imp              Summ           16%        N/A       4%          2
b - Summon Small Mammal   Summ           64%        N/A       3%          1

Your spell library contained the following spells:

 Spells                   Type           Power      Damage    Failure   Level
 Call Canine Familiar     Summ           16%        N/A       10%         3
 Summon Guardian Golem    Hex/Summ       9%         N/A       24%         3
 Gell's Gravitas          Tloc           2%         N/A       52%         3
 Teleport Other           Tloc           2%         N/A       52%         3
 Summon Lightning Spire   Summ/Air       9%         N/A       61%         4
 Dispersal                Tloc           1%         N/A       100%        6


Dungeon Overview and Level Annotations

Branches:
Dungeon (2/15)

Altars:

Annotations:
D:2 Terence


Innate Abilities, Weirdness & Mutations

You are small and have problems with some larger weapons.
You are completely attuned to the shadows.


Message History

You open the door.
A kobold comes into view. It is wielding a +0 club.
Found an escape hatch in the floor.
A kobold is nearby!
Found a whip.
There is an open door here.
The helpless kobold fails to defend itself.
You hit the kobold.
You kill the kobold!
No target in view!
Things that are here:
a +0 club; 4 stones; a kobold corpse
Found a ring mail.
A ball python comes into view.
You see here a +0 ring mail.
A ball python is nearby!
The helpless ball python fails to defend itself.
You hit the ball python.
You kill the ball python!
No target in view!
No target in view!
Terence the Incautious comes into view.
He is wielding a +0 flail.
Terence is nearby!
Terence shouts!
Terence misses you.
Casting: Summon Small Mammal (safe; 3% risk of failure)
Confirm with . or Enter, or press ? or * to list all spells.
You don't know that spell.
Casting: Summon Small Mammal (safe; 3% risk of failure)
Confirm with . or Enter, or press ? or * to list all spells.
You miscast Call Imp.
You are very lightly contaminated with residual magic.
Nothing appears to happen.
Terence hits you with a +0 flail!
Ouch! That really hurt!
* * * LOW HITPOINT WARNING * * *
Casting: Call Imp (safe; 4% risk of failure)
Confirm with . or Enter, or press ? or * to list all spells.
A beastly little devil appears in a puff of flame.
Terence hits you with a +0 flail.
You die...

##### .)..# ....#
....# ###### .#
....###....#### .#
>....[........# .#
....###....##.######.#
....# #..†.##.5.@@...#
##### #....########..#
###### #..# #..# #..#


You could see Terence (ally target) and a friendly crimson imp (summoned).

Vanquished Creatures
  An endoplasm (D:1)
  A goblin (D:1)
  A hobgoblin (D:1)
  2 ball pythons
  2 bats (D:1)
  A frilled lizard (D:1)
  4 kobolds
  3 rats (D:1)
15 creatures vanquished.

Notes
Turn   | Place    | Note
-------+----------+-------------------------------------------
     0 | D:1      | Hasart the Kobold Summoner began the quest for the Orb.
     0 | D:1      | Reached XP level 1. HP: 10/10 MP: 3/3
   914 | D:1      | Reached XP level 2. HP: 15/15 MP: 5/5
   920 | D:1      | Learned a level 2 spell: Call Imp
  1820 | D:2      | Noticed Terence
  1828 | D:2      | Slain by Terence

Illustrated notes

Levels and vault maps discovered:
D:1:      co_arrival_square_in_a_square_in_a_square, layout_loops_corners,
          nicolae_concentric_dashed_squares_mild, dk_noncrumbling_4
D:2:      layout_basic, shapermc_ecumenical_altar_mp_vishouse,
          skrybe_limestone_x, uniq_terence

Action                   || total
-------------------------++-------
Melee: Unarmed           ||    15
       Dagger            ||    14
       Club              ||     3
       Short sword       ||    12
 Cast: Summon Small Mamm ||     2
       Call Imp          ||     1
 Stab: Sleeping          ||    10
Armor: Robe              ||     7
Dodge: Dodged            ||    34

Table legend: (Time is in decaauts)
 A = Elapsed time spent in this place.
 B = Non-inter-level travel time spent in this place.
 C = Inter-level travel time spent in this place.
 D = Time resting spent in this place.
 E = Time spent auto-exploring this place.
 F = Levels seen in this place.
 G = Mean time per level.
                   A        B        C        D        E       F      G
               +--------+--------+--------+--------+--------+-----+--------+
         Total |   1828 |   1779 |     49 |      0 |   1631 |   2 |  914.0 |
       Dungeon |   1828 |   1779 |     49 |      0 |   1631 |   2 |  914.0 |
               +--------+--------+--------+--------+--------+-----+--------+

Top non-repeatable levels by time:
     D:1: 1727 daAuts
     D:2: 100 daAuts
